 Dungeon Crawl Stone Soup version 0.18.1-50-g88ac8fd (webtiles) character file.

259 Chiseanne the Conjurer (level 5, 0/41 HPs)
             Began as a Centaur Air Elementalist on Oct 13, 2016.
             Killed from afar by an orc wizard (8 damage)
             ... with a magic dart
             ... on level 4 of the Dungeon.
             The game lasted 00:11:50 (3861 turns).

Chiseanne the Conjurer (Centaur Air Elementalist)   Turns: 3861, Time: 00:11:51

Health: 0/41       AC:  8    Str: 10    XL:     5   Next: 95%
Magic:  3/8        EV:  8    Int: 15    God:
Gold:   58         SH:  0    Dex: 10    Spells: 2 memorised, 4 levels left

rFire  . . .     SeeInvis .     a - +2 hand axe (curse)
rCold  . . .     Gourm    .     h - +0 ring mail
rNeg   . . .     Faith    .     (no shield)
rPois  .         Spirit   .     p - +1 helmet
rElec  .         Dismiss  .     (no cloak)
rCorr  .         Reflect  .     i - +0 pair of gloves
SustAt .         Harm     .     (no barding)
MR     .....                    (no amulet)
Stlth  ..........               (no ring)
                                (no ring)

@: very slightly contaminated, drained, very quick, not resistant to hostile
enchantments, extremely unstealthy
A: hooves 3, deformed body, speed 2, tough skin 3
a: no special abilities


You were on level 4 of the Dungeon.
You were not hungry.

You visited 1 branch of the dungeon, and saw 4 of its levels.

You collected 58 gold pieces.

Inventory:

Hand Weapons
 a - a cursed +2 hand axe (weapon)
Missiles
 d - 172 stones (quivered)
 g - 33 arrows
 o - 30 bolts
Armour
 h - a +0 ring mail (worn)
 i - a +0 pair of gloves (worn)
 p - a +1 helmet (worn)
Scrolls
 f - a scroll of remove curse
 m - 2 scrolls of blinking
Potions
 e - a potion of degeneration {unknown}
 j - a potion of brilliance
 k - a potion of curing
 n - a potion of berserk rage {unknown}
Books
 b - a book of Air

   Spells                             Type                      Level
   a - Shock                          Conjuration/Air              1
   b - Swiftness                      Charms/Air                   2
   c - Repel Missiles                 Charms/Air                   2
   d - Static Discharge               Conjuration/Air              3
   e - Lightning Bolt                 Conjuration/Air              5
Comestibles
 c - 3 bread rations
 l - a slice of pizza


   Skills:
 * Level 2.2(1.7) Fighting
 * Level 1.3(0.9) Armour
 * Level 2.4(2.0) Dodging
 - Level 1.2(0.8) Stealth
 * Level 2.3(1.8) Spellcasting
 * Level 2.9(2.4) Conjurations
 - Level 2.7(2.2) Air Magic


You had 4 spell levels left.
You knew the following spells:

 Your Spells              Type           Power        Failure   Level  Hunger
a - Shock                 Conj/Air       #...         24%         1    ##.....
b - Static Discharge      Conj/Air       #.......     75%         3    ####...


Dungeon Overview and Level Annotations

Branches:
Dungeon (4/15)
 Temple: D:4-7

Altars:

Annotations:
D:2 Sigmund


Innate Abilities, Weirdness & Mutations

You have hooves in place of feet.
Armour fits poorly on your strangely shaped body.
You cover ground very quickly.
You have extremely tough skin (AC +3).


Message History

The orc is heavily wounded.
You hit the orc.
You kill the orc!
The orc hits you but does no damage.
The orc wizard grunts loudly.
The orc hits you but does no damage.
Casting: Shock
Confirm with . or Enter, or press ? or * to list all spells.
Aiming: Shock
Press: ? - help, Shift-Dir - straight line, f - orc
Aim: an orc, wielding a whip and wearing a chain mail (heavily wounded)
The zap hits the orc.
You kill the orc!
There is a stone staircase leading up here.
An orc wizard is nearby!
You completely miss the orc wizard.
The orc wizard is severely wounded.
The orc wizard casts a spell at you. The magic dart hits you!
You die...

. ... #####
..$.# #<@.#
......###o##
#.o...).#
#...##).#
##.. ......
#.. #.#...#
#.. .#.#..#
..# # # #..#
... ..#


You could see an orc wizard.

Vanquished Creatures
  A wight (D:3)
  An orc wizard (D:4)
  Terence (D:2)
  Robin (D:2)
  6 adders
  4 worms
  2 dart slugs (D:2)
  A giant gecko (D:3)
  2 orcs (D:4)
  2 giant cockroaches
  15 goblins
  9 hobgoblins
  5 jackals (D:2)
  8 kobolds
  2 quokkas
  4 bats
  5 giant newts
  13 rats
82 creatures vanquished.

Vanquished Creatures (others)
  4 toadstools (D:1)
4 creatures vanquished.

Grand Total: 86 creatures vanquished

Notes
Turn   | Place    | Note
--------------------------------------------------------------
     0 | D:1      | Chiseanne the Centaur Air Elementalist began the quest for the Orb.
     0 | D:1      | Reached XP level 1. HP: 14/14 MP: 3/3
    55 | D:1      | Reached skill level 1 in Conjurations
   433 | D:1      | Reached XP level 2. HP: 20/20 MP: 0/4
  1038 | D:1      | Reached XP level 3. HP: 27/27 MP: 1/5
  1039 | D:1      | Reached skill level 1 in Fighting
  1294 | D:2      | Found a faded altar to an unknown god.
  1304 | D:2      | Noticed Sigmund
  2035 | D:2      | Reached XP level 4. HP: 32/35 MP: 0/6
  2089 | D:2      | Noticed Terence
  2108 | D:2      | Killed Terence
  2459 | D:3      | Reached skill level 1 in Armour
  2459 | D:3      | Reached XP level 5. HP: 33/41 MP: 0/8
  2533 | D:2      | Noticed Robin
  2559 | D:2      | Killed Robin
  2946 | D:2      | Learned a level 3 spell: Static Discharge
  3861 | D:4      | Killed from afar by an orc wizard

Skill      XL: |  1  2  3  4  5 |
---------------+----------------+-----
Conjurations   | 1 2 |  2.9
Fighting       | 1 2 |  2.2
Spellcasting   | 2 |  2.3
Armour         | 1 |  1.3
Dodging        | 2 |  2.4
Stealth        | |  1.2
Air Magic      | |  2.7

Action                   |  1- 3 |  4- 6 || total
-------------------------+-------+-------++-------
Melee: Club              |    18 |       ||    18
       Unarmed           |     9 |       ||     9
       Kick              |    14 |    14 ||    28
       Hand axe          |    60 |   100 ||   160
       Short sword       |    20 |       ||    20
 Cast: Shock             |    63 |    69 ||   132
  Use: Scroll            |     7 |     3 ||    10
  Eat: Chunk             |     5 |     7 ||    12
Armor: Robe              |    23 |       ||    23
       Ring mail         |    15 |    78 ||    93
Dodge: Dodged            |    65 |    72 ||   137
